 Dungeon Crawl Stone Soup version 0.31-a0-1225-g50297eb (webtiles) character file.

Game seed: 7649342460343435364

296586 Kearsarge the Swordfish (level 20, 0/180 HPs)
             Began as a Merfolk Fighter on Dec 14, 2023.
             Was an Initiate of Gozag.
             Slain by a phantasmal warrior (26 damage)
             ... on level 1 of the Vaults.
             The game lasted 01:08:32 (37837 turns).

Kearsarge the Swordfish (Merfolk Fighter)          Turns: 37837, Time: 01:08:32

Health: 0/180      AC: 26    Str: 25    XL:     20   Next: 91%
Magic:  20/20      EV: 18    Int: 12    God:    Gozag
Gold:   988        SH: 12    Dex: 18    Spells: 19/19 levels left

rFire   + + .        D - +8 autumn katana {manifold assault}
rCold   + + .        W - +0 kite shield {reflect}
rNeg    + + +        z - +9 storm dragon scales "Loubros" {rElec rPois Will+ Int+3}
rPois   +            y - +0 mask of the Dragon {Will+ Slay+3 SInv}
rElec   +            P - scarf {rC+ rF+}
rCorr   .            e - +2 pair of gloves of Complete Protection {rElec rC+ Will-}
SInv    +            M - +1 pair of boots "Gaclegoa" {-Cast rN+++ Str+4}
Will    +....        d - amulet of regeneration Stlth
                     g - ring "Talibor" {rF+ rC- Dex+2 Slay+5}
HPRegen 1.30/turn    F - ring of the Coward {rC+ Will+ Stlth+}
MPRegen 0.17/turn

%: no spellcasting, reflection
@: weak-willed
A: (nimble swimmer 2), mertail, sturdy frame 1
}: 2/15 runes: decaying, gossamer
a: Renounce Religion, Potion Petition, Call Merchant, Bribe Branch


You were on level 1 of the Vaults.
You worshipped Gozag.
Gozag was pleased with you.
You visited 8 branches of the dungeon, and saw 35 of its levels.
You visited the Abyss 1 time.
You visited 1 bazaar.
You also visited: Bailey, Gauntlet, Ice Cave and Volcano.

You collected 17227 gold pieces.
You spent 6671 gold pieces at shops.
You paid 9568 gold pieces to Gozag.

Inventory:

Hand Weapons
 D - the +8 autumn katana (weapon) {manifold assault}
   (You bought it in a shop on level 9 of the Dungeon)
Missiles
 p - 91 poisoned darts
 E - 15 curare-tipped darts
Armour
 e - the +2 pair of gloves of Complete Protection (worn) {rElec rC+ Will-}
   (You bought it in a shop on level 2 of the Orcish Mines)

   rC+:       It protects you from cold.
   rElec:     It insulates you from electricity.
   Will-:     It decreases your willpower.
 y - the +0 mask of the Dragon (worn) {Will+ Slay+3 SInv}
   (You bought it in a shop on level 1 of the Lair of Beasts)

   Slay+3:    It affects your accuracy & damage with ranged weapons and melee
   (+3).
   Will+:     It increases your willpower.
   SInv:      It lets you see invisible.
 z - the +9 storm dragon scales "Loubros" (worn) {rElec rPois Will+ Int+3}
   (You bought it in a shop on level 1 of the Lair of Beasts)

   Int+3:     It affects your intelligence (+3).
   rElec:     It insulates you from electricity.
   rPois:     It protects you from poison Will+: It increases your willpower.
 M - the +1 pair of boots "Gaclegoa" (worn) {-Cast rN+++ Str+4}
   (You bought it in a shop on level 1 of the Lair of Beasts)

   Str+4:     It affects your strength (+4).
   rN+++:     It renders you almost immune to negative energy.
   -Cast:     It prevents spellcasting.
 P - a scarf of resistance (worn)
 W - a +0 kite shield of reflection (worn)
Jewellery
 d - an amulet of regeneration (around neck)
 g - the ring "Talibor" (left hand) {rF+ rC- Dex+2 Slay+5}
   (You found it on level 2 of the Lair of Beasts)

   [ring of protection from fire]

   Dex+2:     It affects your dexterity (+2).
   Slay+5:    It affects your accuracy & damage with ranged weapons and melee
   (+5).
   rF+:       It protects you from fire.
   rC-:       It makes you vulnerable to cold.
 h - a ring of flight
 F - the ring of the Coward (right hand) {rC+ Will+ Stlth+}
   (You found it in a Gauntlet)

   [ring of willpower]

   rC+:       It protects you from cold.
   Will+:     It increases your willpower.
   Stlth+:    It makes you more stealthy.
 U - a ring of see invisible
Wands
 c - a wand of roots (11)
 m - a wand of charming (34)
 q - a wand of flame (24)
 A - a wand of acid (33)
 Q - a wand of digging (2)
 S - a wand of mindburst (4)
Scrolls
 a - 4 scrolls of brand weapon
 b - 4 scrolls of amnesia
 n - 5 scrolls of immolation
 o - 7 scrolls of vulnerability
 s - 4 scrolls of noise
 u - 5 scrolls of poison
 v - 10 scrolls of teleportation
 x - a scroll of summoning
 J - 2 scrolls of enchant weapon
 K - 2 scrolls of revelation
 O - 3 scrolls of blinking
 T - 4 scrolls of fog
 V - a scroll of torment
Potions
 f - 16 potions of curing
 i - 2 potions of berserk rage
 j - a potion of might
 l - 4 potions of attraction
 r - a potion of cancellation
 t - 3 potions of brilliance
 w - 5 potions of ambrosia
 B - a potion of resistance
 C - 6 potions of heal wounds
 G - a potion of magic
 I - 6 potions of mutation
 N - a potion of invisibility
 R - a potion of lignification
Miscellaneous
 k - a phantom mirror
 H - a condenser vane
 L - a phial of floods


   Skills:
 - Level 21.2 Fighting
 O Level 27 Long Blades
 - Level 16.8 Polearms
 + Level 5.1 Armour
 - Level 18.0 Dodging
 - Level 10.0 Shields


You had 19 spell levels left.
You didn't know any spells.
Your spell library contained the following spells:

 Spells                   Type           Power      Damage    Failure   Level
 Necrotise                Necr           0%         1d4       92%         1
 Shock                    Conj/Air       0%         1d3       92%         1
 Summon Small Mammal      Summ           0%         N/A       92%         1
 Ensorcelled Hibernation  Hex/Ice        0%         N/A       98%         2
 Jinxbite                 Hex            0%         N/A       98%         2
 Lesser Beckoning         Tloc           0%         N/A       98%         2
 Passwall                 Tmut/Erth      0%         N/A       98%         2
 Frozen Ramparts          Ice            0%         1d1       100%        3
 Gell's Gravitas          Tloc           0%         N/A       100%        3
 Hailstorm                Conj/Ice       0%         3d5       100%        3
 Ignite Poison            Fire/Tmut/Pois 0%         N/A       100%        3
 Inner Flame              Hex/Fire       0%         N/A       100%        3
 Ozocubu's Armour         Ice            0%         N/A       100%        3
 Stone Arrow              Conj/Erth      0%         3d7       100%        3
 Swiftness                Air            0%         N/A       100%        3
 Teleport Other           Tloc           0%         N/A       100%        3
 Tukima's Dance           Hex            0%         N/A       100%        3
 Vampiric Draining        Necr           0%         2d6       100%        3
 Volatile Blastmotes      Fire/Tloc      0%         2d10      100%        3
 Airstrike                Air            0%         2d(0-16)  100%        4
 Anguish                  Hex/Necr       0%         N/A       100%        4
 Animate Armour           Summ/Erth      0%         N/A       100%        4
 Cause Fear               Hex            0%         N/A       100%        4
 Fulminant Prism          Conj/Hex       0%         3d5       100%        4
 Iskenderun's Mystic Bla  Conj/Tloc      0%         2d3       100%        4
 Olgreb's Toxic Radiance  Pois           0%         N/A       100%        4
 Passage of Golubria      Tloc           0%         N/A       100%        4
 Petrify                  Tmut/Erth      0%         N/A       100%        4
 Sticky Flame             Conj/Fire      0%         2d3       100%        4
 Summon Ice Beast         Ice/Summ       0%         N/A       100%        4
 Summon Lightning Spire   Summ/Air       0%         N/A       100%        4
 Agony                    Necr           0%         N/A       100%        5
 Fireball                 Conj/Fire      0%         3d3       100%        5
 Metabolic Englaciation   Hex/Ice        0%         N/A       100%        5
 Yara's Violent Unravell  Hex/Tmut       0%         3d3       100%        5
 Enfeeble                 Hex            0%         N/A       100%        7
 Haunt                    Necr/Summ      0%         N/A       100%        7
 Monstrous Menagerie      Summ           0%         N/A       100%        7
 Ozocubu's Refrigeration  Ice            0%         4d7       100%        7
 Spellforged Servitor     Conj/Summ      0%         N/A       100%        7
 Borgnjor's Revivificati  Necr           0%         N/A       100%        8
 Discord                  Hex            0%         N/A       100%        8
 Ignition                 Fire           0%         3d3       100%        8
 Lehudib's Crystal Spear  Conj/Erth      0%         10d2      100%        8
 Chain Lightning          Conj/Air       0%         N/A       100%        9
 Death's Door             Necr           0%         N/A       100%        9
 Dragon's Call            Summ           0%         N/A       100%        9
 Fire Storm               Conj/Fire      0%         5d1       100%        9
 Shatter                  Erth           0%         3d5*      100%        9
 Simulacrum               Ice/Necr       Unusable   N/A       N/A         6

Dungeon Overview and Level Annotations

Branches:
Dungeon (15/15)            Temple (1/1) D:5            Lair (5/5) D:10
  Swamp (4/4) Lair:2       Spider (4/4) Lair:2        Slime (0/5) Lair:4
    Orc (2/2) D:11            Elf (3/3) Orc:2        Vaults (1/5) D:13
 Depths (0/4) D:15         Bailey (visited)           IceCv (visited)
Volcano (visited)         Gauntlet (visited)

Altars:
Ashenzari
Cheibriados
Dithmenos
Elyvilon
Fedhas
Gozag
Hepliaklqana
Kikubaaqudgha
Makhleb
Nemelex Xobeh
Okawaru
Qazlal
Ru
Sif Muna
Trog
Uskayaw
Vehumet
Wu Jian
Xom
Yredelemnul
Zin
The Shining One
Jiyva

Shops:
D:3 (   D:5 (   D:9 *(   D:11 !   D:15 [   Orc:2 ([(=   Elf:3 (   Lair:1 ?[
Spider:1 =*   Vaults:1 *=[:

Annotations:
D:7 1 runed translucent door, Crazy Yiuf
D:10 2 transporters, Fannar; Taxman1966's ghost, journeyman KoEn
Lair:2 Xirrym's ghost, journeyman MfEE
Lair:5 exclusion: obsidian statue
Spider:3 3 runed translucent doors, Guallew's ghost, adept DsIE; Qaps's ghost, journeyman DECj; Roxanne; Teudis's ghost, adept OgIE


Innate Abilities, Weirdness & Mutations

((You are very nimble when in or above water. (Stealth+, EV+, Speed+++)))
Your lower body shifts to a powerful aquatic tail in water.
Your movements are slightly less encumbered by armour. (ER -2)


Message History

Unknown command.
Unknown command.
You slice the vault warden like a ripe choko!!!
The vault warden is almost dead.
You block the vault guard's attack.
The phantasmal warrior completely misses you.
The vault warden hits you but does no damage.
You slash the vault warden!
The vault warden is almost dead.
You closely miss the phantasmal warrior.
The vault guard hits you but does no damage. x2
You block the phantasmal warrior's attack.
The vault warden closely misses you.
You slice the phantasmal warrior!!
The phantasmal warrior is heavily damaged.
The ironbound convoker is no longer distracted by gold.
The vault guard hits you but does no damage.
You block the vault guard's attack.
The phantasmal warrior hits you but does no damage.
The vault warden hits you with a +0 great sword.
You slash the vault warden!
You kill the vault warden!
You closely miss the phantasmal warrior.
The phantasmal warrior is heavily damaged.
The vault guard is distracted by your dazzling golden aura.
The vault guard barely misses you.
You block the phantasmal warrior's attack.
The vault guard shouts!
You hit the phantasmal warrior but do no damage.
The phantasmal warrior is heavily damaged.
The vault sentinel blows a loud note on a signal horn!
The vault guard is distracted by your dazzling golden aura.
The phantasmal warrior hits you!!
Your willpower is stripped away!
The vault guard shouts!
The vault guard is no longer distracted by gold.
The ironbound thunderhulk hits you with a +0 dire flail!!
* * * LOW HITPOINT WARNING * * *
The phantasmal warrior hits you!!
You die...
Your body crumbles into a pile of gold.

....# #......# ##########
#'########+#'####################
.................................
.................................
##...............................
.#..###############..............
.#..# ...^.....#..............
.#..# .......W.#..............
.#..# #...###@p##############.
.#..# #...#^#$Op............#.
.#..# #...###p.#..........[.#.
.#..# .###.p...#..........).'.
.#..# .#^#..p..#............#.
##..# .###.....#............#.
....# #...###..#.∩..........#.
....# #...#^#..##############.
....# ,..###..#..............


You could see an ironbound thunderhulk (strong), 2 vault guards, 2 vault
sentinels, a phantasmal warrior (strong) and an ironbound convoker.

Vanquished Creatures
  Mara (Swamp:3)
  Jorgrun (D:15)
  Mlioglotl (Swamp:3)
  2 deep elf blademasters (Elf:3)
  2 deep elf master archers (Elf:3)
  A tentacled starspawn (Abyss:2)
  Donald (Swamp:2)
  8 emperor scorpions
  A fenstrider witch (Swamp:2)
  Louise (Spider:1)
  5 deep elf sorcerers
  8 vault wardens (Vaults:1)
  3 ironbound preservers (Vaults:1)
  4 deep elf elementalists (Elf:3)
  6 ghost moths
  A cacodemon (Abyss:2)
  An ironbound thunderhulk (Vaults:1)
  An ophan (Abyss:2)
  Nessos (D:15)
  A very ugly thing (D:15)
  4 eleionomae
  3 reapers (IceCv)
  3 broodmothers
  5 deep elf annihilators
  8 deep elf demonologists
  4 dire elephants
  9 bunyips
  2 spark wasps
  A minotaur (Gauntlet)
  3 deep elf death magi
  3 shambling mangroves
  2 deep elf high priests (Elf:3)
  4 entropy weavers
  6 hydras
  A catoblepas (Lair:2)
  9 vault guards
  A great orb of eyes (D:15)
  4 ogre magi (Orc:2)
  3 ghost crabs
  A hell beast (Gauntlet)
  5 alligators
  3 ironbound frosthearts (Vaults:1)
  A death knight (D:13)
  10 centaur warriors
  9 boulder beetles
  13 dancing weapons
  A radroach (Spider:4)
  17 two-headed ogres
  2 tengu warriors (D:13)
  2 death yaks (Lair:5)
  2 demonic crawlers
  A thrashing horror (Abyss:2)
  11 deep elf knights
  7 pharaoh ants
  A skyshark (Lair:2)
  3 sixfirhies
  A spriggan druid (Swamp:1)
  A skeletal warrior (D:13)
  Lodul (D:14)
  2 sun moths (Spider:4)
  7 goliath frogs
  17 orb spiders
  5 deep trolls (Vaults:1)
  9 bog bodies
  5 swamp dragons
  A spectral anaconda (Lair:5)
  An obsidian statue (IceCv)
  3 arcanists
  5 ironbound convokers (Vaults:1)
  35 deep elf pyromancers
  3 lindwurms (Vaults:1)
  16 deep elf archers
  6 necromancers
  5 steelbarb worms
  4 orc knights
  25 deep elf zephyrmancers
  20 wolf spiders
  2 orc sorcerers
  10 cyclopes
  24 ugly things
  4 manticores
  3 large abominations (Abyss:2)
  2 moths of wrath
  3 will-o-the-wisps
  3 salamanders (Volcano)
  A kobold blastminer (Orc:1)
  15 elephants (Lair:5)
  3 black mambas
  3 dire elephant zombies (Lair:5)
  An orange demon (Abyss:2)
  5 vault sentinels (Vaults:1)
  A black mamba (shapeshifter) (D:15)
  16 cane toads
  2 gargoyles
  A minotaur zombie (Gauntlet)
  3 torpor snails
  An unseen horror (shapeshifter) (D:13)
  5 rime drakes
  10 freezing wraiths
  A kobold demonologist (D:13)
  7 ice devils (IceCv)
  An efreet (D:14)
  7 komodo dragons
  A tengu conjurer (D:14)
  5 trolls
  2 polar bears (Lair:2)
  9 meliai
  A bloated husk (Swamp:3)
  17 tarantellas
  12 tyrant leeches
  16 hornets
  16 blink frogs
  6 dream sheep (Lair:4)
  2 polar bears (shapeshifter)
  28 jumping spiders
  16 slime creatures
  11 wyverns
  12 spriggans
  An air elemental (Elf:2)
  A small abomination (Abyss:2)
  3 water elementals (Elf:1)
  6 wraiths
  56 yaks
  27 culicivoras
  18 humans (D:13)
  3 dire elephant simulacra (IceCv)
  3 fire elementals
  3 fire bats
  A yak (shapeshifter) (D:13)
  3 steam dragons
  9 vampire mosquitoes
  6 basilisks
  4 minotaur simulacra (IceCv)
  26 redbacks
  A death yak simulacrum (Lair:5)
  2 spectral cane toads (Lair:5)
  18 swamp worms
  A harpy simulacrum (IceCv)
  7 wargs
  10 water moccasins
  2 acid dragons
  6 hell hounds
  8 swamp drakes
  2 elephant zombies (Lair:5)
  16 orc warriors
  An ice beast (D:7)
  6 black bears
  2 sky beasts (D:6)
  2 ettin simulacra (IceCv)
  16 centaurs
  38 ogres
  24 wolves
  2 phantoms (D:6)
  9 kobold brigands
  15 bullfrogs
  5 earth elementals
  3 deep troll simulacra (IceCv)
  A gnoll sergeant (D:8)
  5 scorpions
  9 wights
  2 howler monkeys
  4 electric eels
  2 hounds
  A gnoll bouda (D:6)
  2 jellies (D:7)
  8 orc priests
  A sleepcap (D:5)
  8 hell rats (Lair:5)
  An iguana (D:6)
  15 orc wizards
  17 gnolls
  A gnoll (shapeshifter) (D:13)
  7 adders
  A shadow imp (D:8)
  A white imp (D:5)
  8 ufetubi
  2 worms
  4 dart slugs
  45 orcs
  4 ball pythons
  6 bats
  5 endoplasms
  2 giant cockroaches
  9 goblins
  9 hobgoblins
  4 jackals (D:2)
  9 quokkas
  6 frilled lizards
  34 kobolds
  2 rats
  A butterfly (Swamp:4)
  2 starspawn tentacles
1278 creatures vanquished.

Vanquished Creatures (collateral kills)
  A two-headed ogre (Orc:2)
  3 yaks (D:9)
  An orc (D:9)
5 creatures vanquished.

Vanquished Creatures (others)
  A deep elf zephyrmancer (Elf:2)
  A will-o-the-wisp (Swamp:2)
  A bloated husk (Swamp:2)
  An orc priest (Orc:2)
  12 foxfires
  2 starspawn tentacles
18 creatures vanquished.

Grand Total: 1301 creatures vanquished

Notes
Turn   | Place    | Note
-------+----------+-------------------------------------------
     0 | D:1      | Kearsarge the Merfolk Fighter began the quest for the Orb.
     0 | D:1      | Reached XP level 1. HP: 18/18 MP: 1/1
     1 | D:1      | Found a faded altar of an unknown god.
   135 | D:1      | Reached XP level 2. HP: 24/24 MP: 2/2
   722 | D:2      | Reached XP level 3. HP: 30/30 MP: 3/3
  1313 | D:2      | Reached XP level 4. HP: 37/37 MP: 4/4
  1702 | D:3      | Reached skill level 5 in Polearms
  1751 | D:3      | Found Anlaegou's Antique Weapon Shoppe.
  2404 | D:3      | Reached XP level 5. HP: 43/43 MP: 5/5
  2561 | D:4      | Found an ancient bone altar of Kikubaaqudgha.
  2726 | D:4      | Noticed a steam dragon
  2748 | D:4      | Killed a steam dragon
  2749 | D:4      | Reached skill level 5 in Fighting
  2749 | D:4      | Reached XP level 6. HP: 47/51 MP: 6/6
  2996 | D:4      | Reached XP level 7. HP: 56/56 MP: 7/7
  3357 | D:4      | Identified the +1 dagger "Dragonbane" {drain, rElec rC+
                  | Will+}
  3527 | D:5      | Entered Level 5 of the Dungeon
  3751 | D:5      | Reached XP level 8. HP: 61/65 MP: 8/8
  3952 | D:5      | Found a staircase to the Ecumenical Temple.
  3961 | Temple   | Entered the Ecumenical Temple
  3977 | Temple   | Became a worshipper of Gozag Ym Sagoz the Greedy
  4150 | D:5      | Found Anousilo's Weapon Boutique.
  4312 | D:5      | Reached skill level 10 in Polearms
  4884 | D:6      | Reached XP level 9. HP: 74/74 MP: 9/9
  5849 | D:7      | Found a runed translucent door.
  5850 | D:7      | Noticed Crazy Yiuf
  6491 | D:8      | Reached XP level 10. HP: 72/83 MP: 10/10
  6501 | D:8      | Reached skill level 15 in Polearms
  7024 | D:9      | Reached skill level 10 in Fighting
  7246 | D:9      | Found Jesouloe's Overcharged Wands.
  7344 | D:9      | Found a flagged portal.
  7357 | Bailey   | Entered a bailey
  7608 | Bailey   | Noticed an orc knight
  7640 | Bailey   | Killed an orc knight
  7719 | Bailey   | Found an iron altar of Okawaru.
  7725 | Bailey   | Identified the +0 plate armour of Lugonu's Condemnation
                  | {rF+ Int+3}
  7982 | D:10     | Entered Level 10 of the Dungeon
  7987 | D:10     | Found a white marble altar of Elyvilon.
  7990 | D:10     | Found a stormy altar of Qazlal.
  7991 | D:10     | Found a glowing silver altar of Zin.
  7993 | D:10     | Found a hazy altar of Hepliaklqana.
  8024 | D:10     | Reached skill level 1 in Long Blades
  8024 | D:10     | Noticed a gargoyle
  8044 | D:11     | Found Zial's Distillery.
  8049 | D:11     | Bought 2 potions of lignification for 90 gold pieces
  8157 | D:10     | Killed a gargoyle
  8158 | D:10     | Reached skill level 3 in Long Blades
  8158 | D:10     | Reached XP level 11. HP: 92/92 MP: 11/11
  8235 | D:10     | Reached skill level 4 in Long Blades
  8385 | D:10     | Reached skill level 5 in Long Blades
  8420 | D:10     | Reached skill level 6 in Long Blades
  8487 | D:10     | Found a staircase to the Lair.
  8502 | D:10     | Identified the +5 mace of Indignation {holy, rElec Str+2}
  8511 | D:10     | Reached skill level 7 in Long Blades
  8582 | D:9      | Bought the +8 autumn katana {manifold assault} for 1212
                  | gold pieces
  8582 | D:9      | Found the +8 autumn katana {manifold assault}
  8653 | D:10     | Found a transporter.
  8723 | D:10     | Noticed Fannar
  8835 | D:10     | Found a blossoming altar of Fedhas.
  8855 | D:10     | Found a transporter.
  8856 | D:10     | Noticed a two-headed ogre
  8856 | D:10     | Noticed Taxman1966's ghost (journeyman KoEn)
  8857 | D:10     | Noticed a two-headed ogre
  8857 | D:10     | Noticed a two-headed ogre
  8858 | D:10     | Noticed a two-headed ogre
  8916 | D:10     | Reached skill level 8 in Long Blades
  9304 | D:11     | Bought a potion of might for 60 gold pieces
  9304 | D:11     | Bought a potion of lignification for 45 gold pieces
  9304 | D:11     | Bought a potion of might for 60 gold pieces
  9375 | D:11     | Noticed a two-headed ogre
  9394 | D:11     | Killed a two-headed ogre
  9395 | D:11     | Reached skill level 9 in Long Blades
  9933 | D:11     | Noticed a cyclops
  9947 | D:11     | Killed a cyclops
 10074 | D:11     | Noticed a purple ugly thing
 10082 | D:11     | Killed a purple ugly thing
 10083 | D:11     | Reached skill level 10 in Long Blades
 10240 | D:11     | Noticed a two-headed ogre
 10250 | D:11     | Killed a two-headed ogre
 10459 | D:11     | Found a staircase to the Orcish Mines.
 10520 | D:11     | Bought 2 potions of berserk rage for 150 gold pieces
 10664 | D:11     | Reached skill level 11 in Long Blades
 10718 | D:11     | Noticed a manticore
 10729 | D:11     | Killed a manticore
 11368 | D:12     | Noticed a manticore
 11379 | D:12     | Reached XP level 12. HP: 88/99 MP: 12/12
 11513 | D:12     | Reached skill level 12 in Long Blades
 11766 | D:12     | Reached skill level 5 in Dodging
 12658 | Orc:1    | Entered Level 1 of the Orcish Mines
 12764 | Orc:2    | Entered Level 2 of the Orcish Mines
 12764 | Orc:2    | Found a staircase to the Elven Halls.
 12815 | Orc:2    | Noticed a two-headed ogre
 13168 | Orc:1    | Found a dark tunnel.
 13203 | Volcano  | Entered a volcano
 13221 | Volcano  | Noticed a two-headed ogre
 13228 | Volcano  | Killed a two-headed ogre
 13229 | Volcano  | Reached skill level 10 in Dodging
 13255 | Volcano  | Noticed a two-headed ogre
 13277 | Volcano  | Killed a two-headed ogre
 13841 | Orc:2    | Noticed a two-headed ogre
 13841 | Orc:2    | Noticed a two-headed ogre
 13841 | Orc:2    | Noticed a two-headed ogre
 13841 | Orc:2    | Noticed an ogre mage
 13841 | Orc:2    | Noticed an ogre mage
 13843 | Orc:2    | Noticed an ogre mage
 14229 | Orc:2    | Noticed a two-headed ogre
 14229 | Orc:2    | Noticed a two-headed ogre
 14367 | Orc:1    | Killed a two-headed ogre
 14573 | Orc:2    | Killed a two-headed ogre
 14574 | Orc:2    | Reached skill level 5 in Shields
 14574 | Orc:2    | Reached XP level 13. HP: 71/105 MP: 13/13
 15239 | Orc:2    | Found Basotrab's Weapon Emporium.
 15239 | Orc:2    | Found Fydaal's Armour Shop.
 15240 | Orc:2    | Found Tuic's Weapon Shop.
 15240 | Orc:2    | Found Zyshy's Jewellery Shoppe.
 15269 | Orc:2    | Reached skill level 10 in Shields
 15600 | Orc:2    | Bought an amulet of regeneration for 420 gold pieces
 15606 | Orc:2    | Bought the +2 pair of gloves of Complete Protection {rElec
                  | rC+ Will-} for 438 gold pieces
 16072 | Lair:1   | Entered Level 1 of the Lair of Beasts
 16405 | Lair:1   | Bought a scroll of identify for 28 gold pieces
 16405 | Lair:1   | Bought a scroll of identify for 28 gold pieces
 16405 | Lair:1   | Bought a scroll of teleportation for 42 gold pieces
 16405 | Lair:1   | Bought a scroll of teleportation for 42 gold pieces
 16405 | Lair:1   | Bought 2 scrolls of enchant armour for 210 gold pieces
 16405 | Lair:1   | Bought a scroll of teleportation for 42 gold pieces
 16405 | Lair:1   | Bought a scroll of immolation for 56 gold pieces
 16405 | Lair:1   | Bought a scroll of teleportation for 42 gold pieces
 16407 | Lair:1   | Identified a scroll of acquirement
 16408 | Lair:1   | Acquired 892 gold pieces
 16415 | Lair:1   | Reached skill level 13 in Long Blades
 16784 | Lair:1   | Found a shimmering blue altar of Sif Muna.
 16868 | Lair:1   | Reached XP level 14. HP: 87/115 MP: 14/14
 17167 | Lair:2   | Found a hole to the Spider Nest.
 17294 | Lair:2   | Found a transporter.
 17316 | Lair:1   | Bought the +0 mask of the Dragon {Will+ Slay+3 SInv} for
                  | 501 gold pieces
 17316 | Lair:1   | Found the +0 mask of the Dragon {Will+ Slay+3 SInv}
 17373 | Lair:2   | Noticed Xirrym's ghost (journeyman MfEE)
 17436 | Lair:2   | Gained mutation: Your movements are slightly less
                  | encumbered by armour. (ER -2) [potion of mutation]
 17442 | Lair:2   | Found a transporter.
 17443 | Lair:2   | Identified the ring "Talibor" {rF+ rC- Dex+2 Slay+5}
 17857 | Lair:2   | Found a staircase to the Swamp.
 17886 | Lair:2   | Reached skill level 14 in Long Blades
 19065 | Lair:4   | Found a staircase to the Slime Pits.
 19065 | Lair:4   | Found a viscous altar of Jiyva.
 19446 | Lair:4   | Found a sacrificial altar of Ru.
 19498 | Lair:4   | Reached skill level 15 in Long Blades
 19684 | Lair:5   | Entered Level 5 of the Lair of Beasts
 19921 | Lair:5   | Reached XP level 15. HP: 87/127 MP: 15/15
 20016 | Lair:5   | Reached skill level 16 in Long Blades
 20282 | Lair:5   | Reached skill level 15 in Fighting
 20774 | Lair:5   | Reached skill level 17 in Long Blades
 21216 | Lair:1   | Bought the +9 storm dragon scales "Loubros" {rElec rPois
                  | Will+ Int+3} for 1965 gold pieces
 21345 | D:13     | Found a gate leading to a gauntlet.
 21371 | Gauntlet | Entered a Gauntlet
 21371 | Gauntlet | Found a transporter.
 21374 | Gauntlet | Found a transporter.
 21390 | Gauntlet | Found a transporter.
 21394 | Gauntlet | Found a transporter.
 21400 | Gauntlet | Found a transporter.
 21420 | Gauntlet | Found a transporter.
 21433 | Gauntlet | Found a transporter.
 21453 | Gauntlet | Found a transporter.
 21457 | Gauntlet | Found a transporter.
 21465 | Gauntlet | Found a transporter.
 21487 | Gauntlet | Found a transporter.
 21510 | Gauntlet | Identified the ring of the Coward {rC+ Will+ Stlth+}
 21535 | Gauntlet | Reached skill level 18 in Long Blades
 21555 | Gauntlet | Identified the ring of Taitsah {*Slow rElec rPois rC++
                  | Str-4 SInv}
 21987 | Lair:1   | Bought the +1 pair of boots "Gaclegoa" {-Cast rN+++ Str+4}
                  | for 583 gold pieces
 22141 | D:13     | Reached skill level 19 in Long Blades
 22213 | D:13     | Found a gate to the Vaults.
 22346 | D:13     | Reached XP level 16. HP: 136/136 MP: 16/16
 22719 | D:13     | Reached skill level 20 in Long Blades
 23097 | D:14     | Noticed Lodul
 23111 | D:14     | Killed Lodul
 23322 | D:14     | Found a gateway to a bazaar.
 23390 | D:14     | Found a frozen archway.
 23392 | D:14     | Reached skill level 15 in Dodging
 23421 | IceCv    | Entered an ice cave
 24203 | D:15     | Entered Level 15 of the Dungeon
 24255 | D:15     | Found a broken altar of Ashenzari.
 24297 | D:15     | Noticed Jorgrun
 24312 | D:15     | Killed Jorgrun
 24597 | D:15     | Found Bonn's Antique Armour Shop.
 24872 | D:15     | Noticed Nessos
 24889 | D:15     | Killed Nessos
 25048 | D:15     | Found a staircase to the Depths.
 25303 | Elf:1    | Entered Level 1 of the Elven Halls
 25332 | Elf:1    | Reached XP level 17. HP: 142/142 MP: 17/17
 25583 | Elf:1    | Got the Teachings on Command
 25961 | Elf:1    | Reached skill level 21 in Long Blades
 26211 | Elf:3    | Entered Level 3 of the Elven Halls
 26479 | Elf:2    | Paralysed by an air elemental for 1 turns
 26565 | Elf:2    | Reached skill level 22 in Long Blades
 27033 | Elf:3    | Found Tutonwep's Antique Weapon Boutique.
 27432 | Elf:3    | Found a shimmering blue altar of Sif Muna.
 27763 | Elf:3    | Reached XP level 18. HP: 153/153 MP: 18/18
 27878 | Elf:3    | Noticed a deep elf blademaster
 27886 | Elf:3    | Killed a deep elf blademaster
 27911 | Elf:3    | Noticed a deep elf master archer
 27925 | Elf:3    | Killed a deep elf master archer
 28077 | Elf:3    | Reached skill level 23 in Long Blades
 28144 | Elf:3    | Noticed a Hell Sentinel
 28202 | Elf:3    | Identified the +1 steam dragon scales "Zurghoaf" {Dex+3}
 28315 | Elf:3    | Identified the +0 ring mail of Disguise {Dex+3}
 28315 | Elf:3    | Identified the ring "Juzarch" {rPois rC- Str+6 Int+4}
 28315 | Elf:3    | Noticed a deep elf blademaster
 28315 | Elf:3    | Identified the +9 war axe of Oozing Pus {flame, Str+3}
 28332 | Elf:3    | Killed a deep elf blademaster
 28561 | Elf:3    | Noticed a deep elf master archer
 28582 | Elf:3    | Killed a deep elf master archer
 28672 | Elf:3    | Identified the +9 falchion of the Lost Seas {holy, rC+}
 28672 | Elf:3    | Identified the ring of the Zealous God {rC- rN+++ EV+5
                  | Slay-6 Stlth+}
 28724 | Elf:3    | Identified the +7 orcbow of Giok {flame, Int+3}
 28727 | Elf:3    | Identified the staff "Jotuu" {rN+ Int-2 Stlth- Hexes Summ
                  | Necro}
 28731 | Elf:3    | Got the Anthology of Phantasms
 29131 | Bazaar   | Entered a bazaar
 29133 | Bazaar   | Found Xare's Armour Boutique.
 29137 | Bazaar   | Found Nir Kija's Jewellery Boutique.
 29137 | Bazaar   | Found Zaenaidgh's Antique Weapon Boutique.
 29138 | Bazaar   | Found Ygitusor's General Store.
 29143 | Bazaar   | Bought a scroll of teleportation for 36 gold pieces
 29342 | Spider:1 | Entered Level 1 of the Spider Nest
 29358 | Spider:1 | Noticed Louise
 29367 | Abyss:2  | Found a corrupted altar of Lugonu.
 29367 | Abyss:2  | Cast into level 2 of the Abyss (Louise)
 29558 | Spider:1 | Escaped the Abyss
 29566 | Spider:1 | Killed Louise
 29567 | Spider:1 | Reached skill level 24 in Long Blades
 29633 | Spider:1 | Bought a scroll of immolation for 44 gold pieces
 31385 | Spider:3 | Found a runed translucent gate.
 31385 | Spider:3 | Noticed Roxanne
 31430 | Spider:3 | Reached XP level 19. HP: 88/163 MP: 19/19
 31529 | Spider:3 | Found a runed translucent gate.
 31530 | Spider:3 | Found a runed translucent gate.
 31531 | Spider:3 | Noticed Teudis's ghost (adept OgIE)
 31531 | Spider:3 | Noticed Qaps's ghost (journeyman DECj)
 31531 | Spider:3 | Noticed Guallew's ghost (adept DsIE)
 31739 | Spider:3 | Acquired 947 gold pieces
 32066 | Spider:3 | Reached skill level 25 in Long Blades
 32320 | Spider:4 | Entered Level 4 of the Spider Nest
 33009 | Spider:4 | Reached skill level 26 in Long Blades
 33166 | Spider:4 | Got a gossamer rune of Zot
 33557 | Swamp:1  | Entered Level 1 of the Swamp
 34219 | Swamp:2  | Noticed Donald
 34234 | Swamp:2  | Killed Donald
 34486 | Swamp:2  | Found an ornate altar of the Wu Jian Council.
 34598 | Swamp:2  | Reached XP level 20. HP: 174/174 MP: 20/20
 34763 | Swamp:3  | Noticed Mara
 34785 | Swamp:3  | Killed Mara
 34939 | Swamp:3  | Identified the +7 hand axe of the Clean God {heavy, Int+4
                  | Dex-2}
 35277 | Swamp:3  | Noticed Mlioglotl
 35282 | Swamp:3  | Noticed a bone dragon
 35286 | Swamp:3  | Reached skill level 27 in Long Blades
 35368 | Swamp:3  | Killed Mlioglotl
 35644 | Swamp:4  | Entered Level 4 of the Swamp
 36324 | Swamp:4  | Got a decaying rune of Zot
 36655 | Vaults:1 | Entered Level 1 of the Vaults
 36793 | Vaults:1 | Bought a warped tower shield for 323 gold pieces
 36793 | Vaults:1 | Identified the +1 tower shield "Nawidgheesk" {-Tele rN+
                  | rCorr Dex+2} (You bought it in a shop on level 1 of the
                  | Vaults)
 36972 | Vaults:1 | Found Tecoh's General Store.
 36980 | Vaults:1 | Bought a scroll of blinking for 127 gold pieces
 36980 | Vaults:1 | Bought a scroll of blinking for 127 gold pieces
 37799 | Vaults:1 | Found Egrawaty's Book Emporium.
 37830 | Vaults:1 | Reached skill level 5 in Armour
 37837 | Vaults:1 | Slain by a phantasmal warrior

Illustrated notes

Levels and vault maps discovered:
D:1:      ncdulo_watergridlock, layout_basic, serial_forest,
          infiniplex_forest_clump_tiny, infiniplex_forest_clump_curved,
          infiniplex_forest_end_3, infiniplex_forest_clump_large,
          infiniplex_forest_pool, infiniplex_forest_corner_1,
          infiniplex_forest_straight_4, ebering_ecumenical_altar_webs
D:2:      layout_loops_ring, serial_co_window_serial,
          co_window_of_opportunity_a, co_window_paths_a, co_window_paths_b,
          co_window_paths_a, co_window_corner_a, co_window_corner_cb,
          co_window_broadway_c, co_window_cross_3, co_window_paths_c,
          glass_columns_a, kennysheep_generic_room_11
D:3:      layout_basic, serial_shops, shop
D:4:      layout_basic, mainiacjoe_overflow_24_doors, kennysheep_generic_room_6
D:5:      layout_basic, minmay_temple_entry_fiery, serial_shops, shop,
          minmay_misc_feat_secret_circle, chequers_serial_rivers_micro_e,
          nrook_mini_backslash, item_on_display_a
D:6:      layout_gridville
D:7:      layout_gridville, nicolae_tricolors, uniq_crazy_yiuf_cottage
D:8:      layout_cave_pools, skrybe_limestone_x
D:9:      layout_big_octagon, enter_bailey_3, nicolae_shop_overcharged_wands
D:10:     layout_basic, fedhas_bush_and_centaur_altar,
          mainiacjoe_overflow_alcove_3, due_lair_maze_entry_diamond,
          gammafunk_ghost_smash, uniq_fannar
D:11:     layout_stronghold, orc_0_dummy, nicolae_stop_n_shop_2
D:12:     layout_roguey, hex_large, nooodl_orcs_dogs
D:13:     minmay_box_of_statues, layout_basic, grunt_vaults_entry_tiered,
          gauntlet_entry_generic
D:14:     layout_long_grid, chequers_garden, serial_shops, bzr_entry_islet,
          portal_ice_cave_entry_pillars_2, uniq_lodul
D:15:     hangedman_depths_entry_try_elsewhere_first, layout_loops_ring,
          serial_shops, nicolae_shop_tiny_glass, nicolae_ashenzari_skybound,
          uniq_nessos, uniq_jorgrun
Temple:   eino_temple_rhombus
Lair:1:   layout_cave_pods, lemuel_centaur_altar
Lair:2:   layout_loops_ring, mainiacjoe_swamp_entry_lozenge_pond,
          spider_nest_entry_rubble, gammafunk_ghost_berserking_beasts,
          worms_lemuel
Lair:3:   layout_layer_cave, infiniplex_staircase_pool_2
Lair:4:   layout_gridlike, slime_entry_1, basic_altar, grunt_megastairs_4
Lair:5:   due_jungle_book, layout_long_grid, special_room
          [special_room_mythical_zoo], chequers_serial_rivers_small_b,
          serial_bayou_pond_b, columned_hall_lemuel
Swamp:1:  layout_basic_swamp, evilmike_swamp_ruin_house_3, swamp_pool_1_2
Swamp:2:  layout_basic_swamp, basic_altar, nicolae_swamp_long_stream,
          nicolae_swamp_decorative_isthmus, uniq_donald
Swamp:3:  layout_basic_swamp, evilmike_swamp_ruin_wall, swamp_pool_3,
          nicolae_swamp_big_swirl, uniq_mlioglotl, uniq_mara
Swamp:4:  swamp_basic_johnstein, layout_basic_swamp, swamp_pool_1_2,
          nicolae_swamp_frolicking_bunyips, infiniplex_staircase_pool
Spider:1: layout_spider_delve, nicolae_spider_some_kinda_spiderbox, uniq_louise
Spider:2: layout_cave_pods
Spider:3: layout_spider_delve, gammafunk_ghost_cemetery, uniq_roxanne
Spider:4: grunt_spider_rune_circles
Orc:1:    layout_caves, nicolae_volcano_entry_lava_flow
Orc:2:    st_orc_ogre_mass, layout_caves
Elf:1:    eino_elf_arrival_shootout, layout_rooms, minmay_elf_demonology,
          nicolae_concentric_dashed_squares_mild,
          minmay_checkered_concentric_circles
Elf:2:    nicolae_elf_blades_crystal_corner, layout_gridlike, uniq_agnes
Elf:3:    elf_hall, layout_geoelf_castle, serial_shops,
          nicolae_shop_pleasant_corner_grove, basic_altar
Vaults:1: v_misc_10, ontoclasm_vaults_claustrophobia, nicolae_vaults_museum,
          dpeg_vaults_monster_row, v_misc_10, nicolae_vaults_layer_cake_slice,
          vaults_room_pools, serial_library_hellmonk_big_corner,
          nicolae_vaults_border_crossing, v_misc_15, nicolae_vaults_trapezoid_1,
          layout_vaults_omnicross, serial_shops, shop, shop,
          nicolae_shop_tiny_glass

Skill      XL: |  1  2  3  4  5  6  7  8  9 10 11 12 13 14 15 16 17 18 19 20 |
---------------+-------------------------------------------------------------+-----
Polearms       | 3 4 5 7 9 12 14 16 | 16.8
Fighting       | 4 5 6 7 9 10 12 14 15 16 18 19 21 | 21.2
Long Blades    | 3 11 12 13 15 19 20 22 24 26 27 | 27.0
Dodging        | 12 18 | 18.0
Shields        | 5 10 | 10.0
Armour         | 5 |  5.1

Action                     |  1- 3 |  4- 6 |  7- 9 | 10-12 | 13-15 | 16-18 | 19-21 || total
---------------------------+-------+-------+-------+-------+-------+-------+-------++-------
  Melee: Trident           |   103 |   123 |   221 |   241 |       |       |       ||   688
         Tailslap          |       |       |     3 |     8 |     1 |     1 |    38 ||    51
         Katana            |       |       |       |   329 |  1208 |  1407 |  1174 ||  4118
  Throw: Dart              |       |     1 |       |    27 |    14 |     2 |       ||    44
 Invoke: Call Merchant     |       |       |       |     1 |     2 |     2 |     2 ||     7
         Potion Petition   |       |       |       |       |       |       |     2 ||     2
  Evoke: Wand              |       |     7 |     5 |    15 |     3 |     1 |     2 ||    33
         Phantom mirror    |       |       |       |     2 |     1 |       |       ||     3
         Condenser vane    |       |       |       |     1 |     3 |       |       ||     4
    Use: Scroll            |     2 |     3 |     1 |     9 |    15 |     4 |     8 ||    42
         Potion            |       |     2 |     2 |    12 |    12 |       |     2 ||    30
   Stab: Distracted        |       |       |     3 |     4 |     3 |    10 |    10 ||    30
         Sleeping          |       |       |     1 |       |       |       |       ||     1
         Betrayed ally     |       |       |       |     2 |       |       |       ||     2
         Confused          |       |       |       |       |       |       |     1 ||     1
 Armour: Scale mail        |    40 |    89 |       |       |       |       |       ||   129
         Steam dragon scal |       |     1 |   119 |   168 |       |       |       ||   288
         Skin              |       |       |       |    37 |       |       |       ||    37
         Ring mail         |       |       |       |   102 |   334 |       |       ||   436
         Storm dragon scal |       |       |       |       |    90 |   526 |   552 ||  1168
  Dodge: Dodged            |    35 |    41 |    89 |   205 |   342 |   399 |   404 ||  1515
  Block: Buckler           |    18 |    21 |    42 |    72 |    64 |       |       ||   217
         Kite shield       |       |       |       |       |   325 |   621 |   494 ||  1440
         Reflection        |       |       |       |       |       |       |     3 ||     3

Table legend: (Time is in decaauts)
 A = Elapsed time spent in this place.
 B = Non-inter-level travel time spent in this place.
 C = Inter-level travel time spent in this place.
 D = Time resting spent in this place.
 E = Time spent auto-exploring this place.
 F = Levels seen in this place.
 G = Mean time per level.
                   A        B        C        D        E       F      G
               +--------+--------+--------+--------+--------+-----+--------+
         Total |  36326 |  32644 |   3682 |   2162 |  23235 |  41 |  886.0 |
       Dungeon |  15662 |  13659 |   2003 |    445 |  10661 |  15 | 1044.1 |
        Temple |     32 |      1 |     31 |      0 |      0 |   1 |   32.0 |
          Lair |   5136 |   4593 |    543 |     94 |   3532 |   5 | 1027.2 |
         Swamp |   2517 |   2430 |     87 |    124 |   1744 |   4 |  629.2 |
   Spider Nest |   3823 |   3613 |    210 |     75 |   2856 |   4 |  955.8 |
  Orcish Mines |   2784 |   2524 |    260 |    878 |   1232 |   2 | 1392.0 |
   Elven Halls |   3448 |   2904 |    544 |    411 |   1589 |   3 | 1149.3 |
        Vaults |   1118 |   1118 |      0 |      0 |    897 |   1 | 1118.0 |
         Abyss |    166 |    166 |      0 |      0 |      0 |   1 |  166.0 |
        Bazaar |     32 |     32 |      0 |      0 |     24 |   1 |   32.0 |
        Bailey |    383 |    383 |      0 |      5 |    169 |   1 |  383.0 |
      Ice Cave |    558 |    558 |      0 |     57 |    216 |   1 |  558.0 |
       Volcano |    426 |    426 |      0 |     72 |    196 |   1 |  426.0 |
      Gauntlet |    236 |    236 |      0 |      0 |    117 |   1 |  236.0 |
               +--------+--------+--------+--------+--------+-----+--------+

Top non-repeatable levels by time:
    D:11: 2232 daAuts
   Elf:3: 1835 daAuts
   Orc:1: 1783 daAuts
    D:12: 1535 daAuts
  Lair:5: 1348 daAuts
    D:10: 1334 daAuts
  Lair:1: 1178 daAuts
    D:13: 1147 daAuts
Vaults:1: 1118 daAuts
  Lair:2: 1064 daAuts
     D:4: 1043 daAuts
Spider:3: 1002 daAuts
   Orc:2: 1000 daAuts
Spider:4: 984 daAuts
     D:7: 973 daAuts
